 Dungeon Crawl Stone Soup version 0.28.0 (webtiles) character file.

Game seed: 14114989855207192541

60076 issech the Bludgeoner (level 14, 0/126 HPs)
             Began as a Troll Monk on Feb 9, 2022.
             Was the Champion of Hepliaklqana.
             Slain by an azure jelly (5 damage)
             ... on level 5 of the Lair of Beasts on Feb 10, 2022.
             The game lasted 01:55:56 (18564 turns).

issech the Bludgeoner (Troll Monk)                 Turns: 18564, Time: 01:55:57

Health: 0/126      AC: 19    Str: 22    XL:     14   Next: 55%
Magic:  13/13      EV: 15    Int:  6    God:    Hepliaklqana [******]
Gold:   1410       SH:  0    Dex: 22    Spells: 13/13 levels left

rFire   + . .      SeeInvis .   e - +7 giant spiked club of the Muttering Madman {spect, rF+ rCorr Str+2 Int-4}
rCold   + + .      Faith    .   (shield currently unavailable)
rNeg    + . .      Spirit   .   a - +3 ice dragon scales
rPois   .          Reflect  .   (helmet restricted)
rElec   .          Harm     .   X - +1 cloak
rCorr   +          Rampage  .   (gloves unavailable)
Will    ++...      Rage     1%  (boots unavailable)
Stlth   ++........              o - amulet of the acrobat
HPRegen 1.11/turn               U - ring "Pera" {rF+ rN+ EV+4 Int+4}
MPRegen 0.13/turn               y - +6 ring of dexterity

@: no status effects
A: reduced essence, large, unfitting armour, claws 3, regeneration 1, shaggy fur
1, tough skin 1, hooves 1, berserk 1, strong-willed 1, weak 1
a: Renounce Religion, Recall Ancestor, Ancestor Identity, Transference, Idealise


You were on level 5 of the Lair of Beasts.
You worshipped Hepliaklqana.
Hepliaklqana was exalted by your worship.
You visited 4 branches of the dungeon, and saw 18 of its levels.
You also visited: Ossuary, Bailey, Ice Cave and Volcano.

You collected 1410 gold pieces.

Inventory:

Hand Weapons
 b - the +10 quarterstaff of Zaupp {flame, Str+2}
   (You found it on level 3 of the Lair of Beasts)

   It burns those it strikes, dealing additional fire damage.
   Str:       It affects your strength (+2).
 e - the +7 giant spiked club of the Muttering Madman (weapon) {spect, rF+ rCorr Str+2 Int-4}
   (You acquired it on level 3 of the Dungeon)

   When its wielder attacks, the weapon's spirit leaps out and strikes again.
   The spirit shares a part of any damage it takes with its wielder.
   Str:       It affects your strength (+2).
   Int:       It affects your intelligence (-4).
   rF:        It protects you from fire.
   rCorr:     It protects you from acid and corrosion.
 C - a +3 mace of protection
Missiles
 g - 407 stones
 m - 192 bolts
 q - 11 poisoned darts
 r - 6 boomerangs
 v - 83 sling bullets
 F - 200 arrows
 G - 18 javelins
 Q - 16 large rocks (quivered)
 R - 10 atropa-tipped darts
 S - 6 curare-tipped darts
 T - 4 throwing nets
Armour
 a - +3 ice dragon scales (worn)
 E - a +4 troll leather armour
 W - a +0 kite shield
 X - a +1 cloak (worn)
Magical Staves
 d - a staff of air
 k - a staff of fire
 N - a staff of cold
Jewellery
 i - a +6 ring of strength
 j - an amulet of regeneration
 o - an amulet of the acrobat (around neck)
 u - a ring of protection from cold
 y - a +6 ring of dexterity (right claw)
 K - a ring of ice
 P - a +4 ring of protection
 U - the ring "Pera" (left claw) {rF+ rN+ EV+4 Int+4}
   (You found it on level 1 of the Lair of Beasts)

   [ring of evasion]

   EV:        It affects your evasion (+4).
   Int:       It affects your intelligence (+4).
   rF:        It protects you from fire.
   rN:        It protects you from negative energy.
 Y - a ring of protection from fire
Wands
 n - a wand of flame (16)
 t - a wand of iceblast (23)
 w - a wand of acid (20)
 B - a wand of polymorph (5)
 V - a wand of paralysis (24)
Scrolls
 c - 3 scrolls of fog
 s - 7 scrolls of enchant weapon
 I - a scroll of magic mapping
 J - 7 scrolls of teleportation
 O - a scroll of summoning
 Z - a scroll of identify
Potions
 f - a potion of flight
 l - 12 potions of ambrosia
 p - 6 potions of haste
 x - a potion of might
 z - a potion of resistance
 A - 8 potions of lignification
 D - 5 potions of curing
 H - 3 potions of heal wounds
 L - a potion of cancellation
 M - 2 potions of invisibility
Miscellaneous
 h - a phantom mirror


   Skills:
 + Level 9.6 Fighting
 + Level 17.7 Maces & Flails
 + Level 2.7 Throwing
 + Level 7.1 Armour
 + Level 5.8 Dodging
 + Level 5.5 Stealth


You had 13 spell levels left.
You didn't know any spells.
Your spell library contained the following spells:

 Spells                   Type           Power      Damage    Failure   Level
 Sandblast                Erth           0%         2d4       80%         1
 Slow                     Hex            0%         N/A       80%         1
 Passwall                 Tmut/Erth      0%         N/A       91%         2
 Call Canine Familiar     Summ           0%         N/A       99%         3
 Confusing Touch          Hex            0%         N/A       99%         3
 Ozocubu's Armour         Ice            0%         N/A       99%         3
 Portal Projectile        Hex/Tloc       0%         N/A       99%         3
 Stone Arrow              Conj/Erth      0%         3d7       99%         3
 Tukima's Dance           Hex            0%         N/A       99%         3
 Vampiric Draining        Necr           0%         2d6       99%         3
 Anguish                  Hex/Necr       0%         N/A       100%        4
 Leda's Liquefaction      Hex/Erth       0%         N/A       100%        4
 Summon Forest            Summ/Tloc      0%         N/A       100%        5
 Summon Mana Viper        Hex/Summ       0%         N/A       100%        5
 Summon Cactus Giant      Summ           0%         N/A       100%        6
 Enfeeble                 Hex            0%         N/A       100%        7
 Ozocubu's Refrigeration  Ice            0%         4d5       100%        7


Dungeon Overview and Level Annotations

Branches:
Dungeon (11/15)            Temple (1/1) D:5            Lair (5/6) D:11
  Swamp (0/4) Lair:4        Snake (0/4) Lair:3        Slime (1/5) Lair:5
Ossuary (visited)          Bailey (visited)           IceCv (visited)
Volcano (visited)
    Orc: D:9-12

Altars:
Ashenzari
Cheibriados
Dithmenos
Elyvilon
Fedhas
Gozag
Hepliaklqana
Kikubaaqudgha
Makhleb
Nemelex Xobeh
Okawaru
Qazlal
Ru
Sif Muna
Trog
Uskayaw
Vehumet
Wu Jian
Xom
Yredelemnul
Zin
The Shining One

Shops:
D:8 [


Innate Abilities, Weirdness & Mutations

Your life essence is reduced to manifest your ancestor. (-10% HP)
You are too large for most types of armour.
You have claws for hands.
Your natural rate of healing is unusually fast.
You are covered in fur. (AC +1)
You have tough skin. (AC +1)
You have large cloven feet.
You tend to lose your temper in combat.
You are strong-willed. (Will+)
You are weak. (Str -2)


Message History

You climb upwards.
Welcome back to the Lair of Beasts!
There is a staircase to the Slime Pits here.
You start resting.
Centenhua emerges from the mists of memory!
You start resting.
HP restored.
You climb downwards.
Welcome back to the Pits of Slime!
This branch is unnaturally silent, and so sound travels much further.
This branch contains the slimy rune of Zot.
The rockslime hits you!!!
You hold your ground!
The slime creature hits you but does no damage.
The azure jelly barely misses you. The azure jelly hits you.
The azure jelly freezes you! You resist.
The azure jelly hits you but does no damage.
The azure jelly hits you! The large slime creature hits you!
The slime creature hits you but does no damage.
The rockslime closely misses you. The slime creature misses you.
The azure jelly misses you. x2
The azure jelly hits you but does no damage. x2
The large slime creature misses you.
There is a staircase back to the Lair, spattered with blood here.
The rockslime hits you.
You hold your ground!
The slime creature misses you.
The slime creature hits you but does no damage.
The azure jelly hits you but does no damage. x3
The azure jelly closely misses you. The slime creature hits you!
Centenhua hits the rockslime with a +0 quarterstaff!
The large slime creature hits you!
* * * LOW HITPOINT WARNING * * *
You climb upwards.
Welcome back to the Lair of Beasts!
There is a staircase to the Slime Pits here.
You bludgeon the slime creature!!
You kick the slime creature, but do no damage.
The slime creature is heavily wounded.
The rockslime hits you!!
* * * LOW HITPOINT WARNING * * *
You hold your ground!
Two slime creatures merge to form a large slime creature.
The azure jelly hits you but does no damage.
The azure jelly hits you.
You die...

## #.####
#JJJ.### #R@J...#
## ##J##.##
##.###
#.....##.....##
##....#.#.......
#.........#.....
#...##..........#
######........###
#P........##
#.........P#


You could see the friendly Centenhua the battlemage, an azure jelly, 2 large
slime creatures, a slime creature and a rockslime.

Vanquished Creatures
  An acid blob (Slime:1)
  An azure jelly (Slime:1)
  A quicksilver ooze (Slime:1)
  A minotaur (Lair:3)
  A great orb of eyes (Slime:1)
  Harold (D:8)
  A hydra (Lair:3)
  Erica (D:9)
  A two-headed ogre (D:11)
  A centaur warrior (D:10)
  5 death yaks
  Urug (Lair:2)
  Sonja (Lair:3)
  2 skeletal warriors (Volcano)
  2 lindwurms (Lair:2)
  2 anaconda skeletons (Volcano)
  Pikel (D:7)
  An orc knight (Bailey)
  2 oklob plants (D:11)
  3 cyclopes
  3 shining eyes (Slime:1)
  A black mamba (Lair:5)
  2 ice statues (IceCv)
  8 elephants
  5 gargoyles (Volcano)
  9 cane toads
  Psyche (D:9)
  A freezing wraith (IceCv)
  2 rime drakes (Lair:2)
  6 ice devils (IceCv)
  4 komodo dragons
  An entropy weaver simulacrum (IceCv)
  A queen bee (D:11)
  3 trolls
  Grinder (D:4)
  3 polar bears
  A hornet (D:8)
  4 slime creatures
  6 blink frogs
  A meliai zombie (D:11)
  3 flying skulls (Volcano)
  31 yaks
  A shadow (D:8)
  4 alligator skeletons (Volcano)
  2 wyverns (D:11)
  A dire elephant simulacrum (IceCv)
  A wraith (D:10)
  2 basilisks (Lair:2)
  Eustachio (D:4)
  3 vampire mosquitoes (D:10)
  2 steam dragons
  A death yak simulacrum (IceCv)
  Menkaure (D:4)
  3 nagas (Lair:3)
  12 water moccasins
  Duvessa (D:7)
  8 orc warriors
  2 hell hounds (Lair:5)
  A hornet zombie (D:7)
  A sky beast (D:6)
  2 black bears
  A necrophage (D:4)
  3 centaurs
  12 wolves
  A lemure (D:7)
  A phantom (D:5)
  3 two-headed ogre simulacra
  11 bullfrogs
  A wyvern zombie (D:6)
  A cane toad simulacrum (IceCv)
  6 scorpions
  A water moccasin zombie (D:3)
  Dowan (D:7)
  An elephant simulacrum (IceCv)
  28 killer bees
  A troll skeleton (Volcano)
  A spriggan skeleton (Volcano)
  6 electric eels
  A crimson imp (D:4)
  5 centaur zombies
  A bullfrog zombie (D:5)
  2 hounds
  2 human zombies (Ossuary)
  4 orc priests
  3 jellies
  A bullfrog skeleton (D:7)
  2 gnoll shamans
  6 scorpion zombies (Ossuary)
  Natasha (D:2)
  5 iguanas
  3 orc wizards
  2 spriggan simulacra
  A troll simulacrum (IceCv)
  2 wolf simulacra (IceCv)
  A killer bee zombie (D:3)
  A naga skeleton (Volcano)
  A hound zombie (D:4)
  A hound skeleton (D:5)
  4 mummies
  A howler monkey zombie (D:10)
  9 gnolls
  A howler monkey skeleton (D:6)
  8 adders
  5 naga simulacra (IceCv)
  4 white imps
  2 worms (D:2)
  3 dart slugs
  40 orcs
  5 bats
  10 endoplasms
  4 giant cockroaches
  2 gnoll zombies (Ossuary)
  9 goblins
  5 hobgoblins
  4 jackals (D:3)
  3 quokkas
  4 ball pythons
  8 frilled lizards
  4 goblin zombies (Ossuary)
  2 hobgoblin zombies (Ossuary)
  2 kobolds
  A kobold zombie (Ossuary)
  An orc zombie (Ossuary)
  9 rats
  3 bushes
  9 fungi
  12 plants
474 creatures vanquished.

Vanquished Creatures (collateral kills)
  A reaper (IceCv)
  The ghost of SnakkuSnakku7 the Covert, a journeyman HuEn of Ashenzari (Lair:3)
  A two-headed ogre (D:10)
  A death yak (Lair:4)
  Nergalle (D:11)
  2 black mambas (Lair:2)
  An elephant (Lair:3)
  A cane toad (Lair:1)
  An ice devil (IceCv)
  A polar bear (Lair:4)
  A troll (D:11)
  A hornet (Lair:2)
  3 blink frogs
  4 dream sheep (Lair:4)
  An alligator skeleton (Volcano)
  6 yaks
  A basilisk (Lair:4)
  A water moccasin (Lair:4)
  2 orc warriors (Bailey)
  A sky beast (D:7)
  4 wolves
  3 scorpions (Ossuary)
  A bullfrog (Lair:2)
  A gnoll sergeant (D:8)
  A two-headed ogre simulacrum (D:11)
  9 killer bees
  5 electric eels
  A troll skeleton (Volcano)
  3 jellies (D:6)
  2 orc wizards (D:8)
  A scorpion zombie (Ossuary)
  A spriggan simulacrum (IceCv)
  A wolf simulacrum (IceCv)
  2 gnolls
  A shadow imp (D:7)
  A white imp (D:8)
  12 orcs
  4 endoplasms (D:6)
  A goblin zombie (Ossuary)
  3 plants
89 creatures vanquished.

Vanquished Creatures (others)
  11 battlemagi
  20 fungi
  77 plants
108 creatures vanquished.

Grand Total: 671 creatures vanquished

Notes
Turn   | Place    | Note
-------+----------+-------------------------------------------
     0 | D:1      | issech the Troll Monk began the quest for the Orb.
     0 | D:1      | Reached XP level 1. HP: 22/22 MP: 0/0
   305 | D:1      | Found a faded altar of an unknown god.
   408 | D:1      | Reached XP level 2. HP: 28/29 MP: 1/1
   578 | D:1      | Reached skill level 3 in Maces & Flails
   937 | D:2      | Reached XP level 3. HP: 34/36 MP: 2/2
  1443 | D:2      | Found a snail-covered altar of Cheibriados.
  1513 | D:2      | Reached XP level 4. HP: 34/44 MP: 3/3
  1859 | D:2      | Noticed Natasha
  1882 | D:2      | Killed Natasha
  1981 | D:2      | Reached skill level 4 in Maces & Flails
  2125 | D:3      | Identified a scroll of acquirement
  2126 | D:3      | Acquired the +7 giant spiked club of the Muttering Madman
                  | {spect, rF+ rCorr Str+2 Int-4}
  2351 | D:3      | Reached XP level 5. HP: 34/52 MP: 4/4
  2817 | D:4      | Reached XP level 6. HP: 61/61 MP: 5/5
  2899 | D:4      | Reached skill level 5 in Maces & Flails
  3140 | D:4      | Noticed Eustachio
  3153 | D:4      | Killed Eustachio
  3154 | D:4      | Reached skill level 6 in Maces & Flails
  3154 | D:4      | Reached XP level 7. HP: 67/67 MP: 6/6
  3262 | D:4      | Noticed Grinder
  3267 | D:4      | Paralysed by Grinder for 7 turns
  3276 | D:4      | Killed Grinder
  3533 | D:4      | Noticed Menkaure
  3537 | D:4      | Killed Menkaure
  3538 | D:4      | Reached skill level 7 in Maces & Flails
  3542 | D:4      | Reached XP level 8. HP: 77/78 MP: 7/7
  3768 | D:5      | Entered Level 5 of the Dungeon
  3852 | D:5      | Found a staircase to the Ecumenical Temple.
  3865 | Temple   | Entered the Ecumenical Temple
  4137 | D:5      | Found a blossoming altar of Fedhas.
  4147 | D:5      | Found a stormy altar of Qazlal.
  4151 | D:5      | Found a glowing golden altar of the Shining One.
  4152 | D:5      | Found a shimmering blue altar of Sif Muna.
  4159 | D:5      | Found an iron altar of Okawaru.
  4471 | D:5      | Reached skill level 8 in Maces & Flails
  4480 | D:5      | Reached skill level 9 in Maces & Flails
  4481 | D:5      | Reached XP level 9. HP: 64/85 MP: 8/8
  4577 | D:5      | Found a bloodstained altar of Trog.
  4724 | D:6      | Found a hazy altar of Hepliaklqana.
  4742 | D:6      | Became a worshipper of Hepliaklqana the Forgotten
  4742 | D:6      | Reached * piety under Hepliaklqana
  4742 | D:6      | Reached ** piety under Hepliaklqana
  4743 | D:6      | Remembered your ancestor Centenhua as a battlemage
  4831 | D:6      | Found a sand-covered staircase.
  4838 | Ossuary  | Entered an ossuary
  5018 | Ossuary  | Reached skill level 10 in Maces & Flails
  5100 | Ossuary  | Reached skill level 5 in Fighting
  5861 | D:6      | Noticed a troll
  5866 | D:6      | Killed a troll
  5867 | D:6      | Reached XP level 10. HP: 86/86 MP: 9/9
  6037 | D:7      | Noticed Duvessa
  6041 | D:7      | Killed Duvessa
  6042 | D:7      | Reached skill level 11 in Maces & Flails
  6042 | D:7      | Noticed Dowan
  6045 | D:7      | Killed Dowan
  6077 | D:7      | Noticed Pikel
  6084 | D:7      | Killed Pikel
  6382 | D:7      | Reached *** piety under Hepliaklqana
  6972 | D:8      | Found Lajeula's Armour Shoppe.
  6986 | D:8      | Reached skill level 1 in Armour
  7093 | D:8      | Noticed Harold
  7100 | D:8      | Killed Harold
  7101 | D:8      | Reached skill level 12 in Maces & Flails
  7761 | D:9      | Noticed Erica
  7765 | D:9      | Killed Erica
  7835 | D:9      | Reached **** piety under Hepliaklqana
  7838 | D:9      | Reached XP level 11. HP: 95/95 MP: 10/10
  7902 | D:9      | Noticed Psyche
  7907 | D:9      | Killed Psyche
  8336 | D:10     | Entered Level 10 of the Dungeon
  8365 | D:10     | Found a glowing silver altar of Zin.
  8404 | D:10     | Noticed a centaur warrior
  8421 | D:10     | Found a flagged portal.
  8446 | Bailey   | Entered a bailey
  8603 | Bailey   | Noticed an orc knight
  8608 | Bailey   | Killed an orc knight
  8934 | D:10     | Reached skill level 13 in Maces & Flails
  9254 | D:10     | Noticed a two-headed ogre
  9260 | D:10     | Killed a two-headed ogre
  9261 | D:10     | Reached skill level 1 in Throwing
  9262 | D:10     | Found an ornate altar of the Wu Jian Council.
  9269 | D:10     | Killed a centaur warrior
  9405 | D:11     | Noticed Nergalle
  9412 | D:11     | Killed Nergalle
  9531 | D:11     | Found a frozen archway.
  9611 | IceCv    | Entered an ice cave
  9880 | IceCv    | Reached XP level 12. HP: 106/106 MP: 11/11
  9884 | IceCv    | Reached skill level 14 in Maces & Flails
 10031 | IceCv    | Noticed a reaper
 10037 | IceCv    | Killed a reaper
 10468 | D:11     | Found a staircase to the Lair.
 10768 | D:11     | Noticed a two-headed ogre
 10773 | D:11     | Killed a two-headed ogre
 10964 | D:11     | Reached skill level 15 in Maces & Flails
 11154 | D:11     | Gained mutation: You are frail. (-10% HP) [potion of
                  | mutation]
 11154 | D:11     | Gained mutation: You have an increased reservoir of magic.
                  | (+10% MP) [potion of mutation]
 11154 | D:11     | Lost mutation: You have an increased reservoir of magic.
                  | (+10% MP) [potion of mutation]
 11155 | D:11     | Lost mutation: You are frail. (-10% HP) [potion of
                  | mutation]
 11155 | D:11     | Gained mutation: You have large cloven feet. [potion of
                  | mutation]
 11155 | D:11     | Gained mutation: You are strong-willed. (Will+) [potion of
                  | mutation]
 11258 | Lair:1   | Entered Level 1 of the Lair of Beasts
 11361 | Lair:1   | Identified the ring "Pera" {rF+ rN+ EV+4 Int+4}
 11478 | Lair:1   | Reached ***** piety under Hepliaklqana
 11482 | Lair:1   | Reached skill level 5 in Dodging
 13720 | Lair:2   | Noticed Urug
 13730 | Lair:2   | Killed Urug
 13733 | Lair:2   | Reached XP level 13. HP: 81/114 MP: 12/12
 13849 | Lair:2   | Reached skill level 5 in Armour
 14652 | Lair:2   | Reached skill level 16 in Maces & Flails
 14903 | Lair:3   | Noticed Sonja
 14912 | Lair:3   | Killed Sonja
 14913 | Lair:3   | Reached skill level 5 in Stealth
 15075 | Lair:3   | Noticed a minotaur
 15075 | Lair:3   | Noticed SnakkuSnakku7's ghost (journeyman HuEn)
 15230 | Lair:3   | Found a staircase to the Snake Pit.
 15301 | Lair:3   | Found a runed translucent gate.
 15301 | Lair:3   | Found a runed translucent gate.
 15301 | Lair:3   | Found a runed translucent gate.
 16412 | Lair:4   | Found a staircase to the Swamp.
 16560 | Lair:4   | Reached ****** piety under Hepliaklqana
 17072 | Lair:3   | Killed a minotaur
 17073 | Lair:3   | Reached XP level 14. HP: 89/126 MP: 13/13
 17091 | Lair:3   | Killed SnakkuSnakku7's ghost
 17095 | Lair:3   | Reached skill level 17 in Maces & Flails
 17110 | Lair:3   | Identified the +10 quarterstaff of Zaupp {flame, Str+2}
 17310 | Lair:5   | Found a dark tunnel.
 17323 | Volcano  | Entered a volcano
 18210 | Lair:5   | Found a staircase to the Slime Pits.
 18229 | Slime:1  | Entered Level 1 of the Pits of Slime
 18231 | Slime:1  | Noticed a quicksilver ooze
 18234 | Slime:1  | Gained mutation: You tend to lose your temper in combat. [a
                  | shining eye]
 18399 | Slime:1  | Killed a quicksilver ooze
 18401 | Slime:1  | Noticed an azure jelly
 18413 | Slime:1  | Gained mutation: You are weak. (Str -2) [a shining eye]
 18484 | Slime:1  | Noticed an azure jelly
 18488 | Slime:1  | Killed an azure jelly
 18503 | Slime:1  | Noticed an acid blob
 18505 | Slime:1  | Noticed an azure jelly
 18508 | Slime:1  | Noticed a rockslime
 18510 | Slime:1  | Killed an acid blob
 18564 | Lair:5   | HP: 5/126 [rockslime (30)]
 18564 | Lair:5   | Slain by an azure jelly

Illustrated notes

Levels and vault maps discovered:
D:1:      mrwooster_arrival_arrow, layout_basic, basic_ecumenical_altar
D:2:      layout_loops_corners, basic_altar, minmay_puff, uniq_natasha
D:3:      layout_loops_ring, minmay_tree_intersection
D:4:      layout_cave_pods, minmay_misc_feat_cross, minmay_fire_ice_demons,
          uniq_eustachio, uniq_menkaure, uniq_grinder
D:5:      layout_gridville, trog_three_pillars_becter,
          nicolae_overflow_hallway_of_the_gods, minmay_temple_entry_grid
D:6:      lemuel_slime, layout_loops_ring, lemuel_doored_altar,
          gup_ossuary_entry_pyramid, kennysheep_generic_room_3
D:7:      layout_basic, hangedman_abyss_or_decor_stabs, uniq_pikel, uniq_duvessa
D:8:      layout_basic, nicolae_stop_n_shop_1, uniq_harold
D:9:      layout_basic, uniq_erica, uniq_psyche
D:10:     layout_long_grid, zin_scriptorium, serial_glass, glass_columns_a,
          glass_columns_a, enter_bailey_2, minmay_ruined_shrine
D:11:     layout_roguey, dpeg_oklobed_lair, special_room [special_room_bee],
          portal_ice_cave_entry_ice_simulacra, uniq_nergalle
Temple:   zaba_magenta_temple
Lair:1:   layout_roguey, serial_bayou_lagoon_a
Lair:2:   cheibrodos_lair_overgrown_chateau, layout_hall_layers, serial_bayou,
          serial_bayou_shore_a, serial_bayou_ford_a, serial_bayou_lake_a,
          serial_bayou_pond_c, infiniplex_staircase_pool_2, uniq_urug
Lair:3:   layout_regular_city, guppyfry_snake_entry_garden,
          maelrawn_ghost_gauntlet_escape, uniq_rupert, uniq_sonja
Lair:4:   layout_cave_pods, minmay_swamp_entry_eels, grunt_megastairs_2
Lair:5:   layout_cave_pods, dpeg_slime_entry_corner, enter_volcano_3,
          st_stairs_8
Slime:1:  layout_caves

Skill      XL: |  1  2  3  4  5  6  7  8  9 10 11 12 13 14 |
---------------+-------------------------------------------+-----
Maces & Flails | 3 4 6 7 9 10 12 13 15 16 17 | 17.7
Dodging        | 3 4 5 |  5.8
Fighting       | 3 4 5 6 7 8 9 |  9.6
Stealth        | 2 3 4 5 |  5.5
Armour         | 2 3 4 6 7 |  7.1
Throwing       | 1 2 |  2.7

Action                   |  1- 3 |  4- 6 |  7- 9 | 10-12 | 13-15 || total
-------------------------+-------+-------+-------+-------+-------++-------
Melee: Mace              |   142 |    31 |       |       |       ||   173
       Punch             |     2 |     1 |       |       |       ||     3
       Giant spiked club |       |    43 |   119 |   325 |   276 ||   763
       Kick              |       |       |       |    26 |   120 ||   146
Throw: Large rock        |       |       |       |    19 |    11 ||    30
Invok: Ancestor Life: Ba |       |       |     1 |       |       ||     1
       Recall Ancestor   |       |       |       |       |     1 ||     1
  Use: Scroll            |       |     6 |     4 |    17 |     3 ||    30
       Potion            |       |       |       |    10 |     2 ||    12
 Stab: Sleeping          |     1 |     3 |     8 |     8 |       ||    20
       Distracted        |       |       |     3 |     3 |    16 ||    22
Armor: Robe              |    73 |     6 |    10 |       |       ||    89
       Troll leather arm |       |       |       |    55 |       ||    55
       Ice dragon scales |       |       |       |    34 |    82 ||   116
Dodge: Dodged            |    86 |    57 |    59 |   243 |   177 ||   622
